AoeStats
← Asheqer

Oasis

509446982Analyzed
2v2 RM · 5d ago on Sep 26, 2026· 80m 9s· 4 players
Game mode
Random Map
Map size
Medium (4 player)
Population
200
Speed
Normal
Resources
Standard
Victory
Conquest
Starting age
Dark Age
Ending age
Imperial Age
RankedLock teamsTeams togetherTeam positionsShared explorationLock speedFull tech treeHidden civsTurbo modeCheats
Victory
Defeat
🇲🇽 Mongols · Mexico
785
+15
🇬🇧 Spanish · United Kingdom
751
+15
🇮🇪 Varangians · Ireland
751
-15
🇮🇪 Portuguese · Ireland
751
-15
ArbiterAK
5:05 Loom
12:09 Feudal Age
12:37 Horse Collar
12:44 Double-Bit Axe
20:48 Castle Age
22:35 Wheelbarrow
22:13 Bow Saw
22:05 Heavy Plow
22:58 Stone Mining
25:02 Stone Shaft Mining
26:14 Hand Cart
26:56 Bloodlines
26:47 Husbandry
26:07 Light Cavalry
26:59 Forging
26:54 Scale Barding Armor
28:28 Gold Mining
29:08 Chain Barding Armor
29:23 Iron Casting
29:46 Iron Casting
30:41 Town Watch
34:19 Vendel Legacy
38:35 Imperial Age
38:45 Imperial Age
37:14 Squires
36:39 Pikeman
41:21 Blast Furnace
40:57 Plate Barding Armor
40:33 Cavalier
44:16 Fletching
44:48 Ballistics
44:38 Siege Engineers
45:11 Bodkin Arrow
46:29 Masonry
47:20 Chemistry
47:01 Conscription
47:48 Elite Skirmisher
48:32 Bracer
48:32 Padded Archer Armor
49:21 Architecture
49:52 Leather Archer Armor
51:17 Ring Archer Armor
51:34 Halberdier
52:45 Scale Mail Armor
54:43 Two-Man Saw
54:46 Chain Mail Armor
58:30 Hussar
59:42 Town Patrol
62:18 Elite Jarl
62:23 Elite Jarl
Soviet Shrub
0:30 Loom
15:53 Feudal Age
18:38 Town Watch
18:54 Double-Bit Axe
19:11 Horse Collar
22:00 Wheelbarrow
22:01 Gold Mining
22:02 Stone Mining
29:49 Castle Age
32:31 Hand Cart
32:16 Town Patrol
37:28 Coinage
39:39 Imperial Age
39:45 Imperial Age
38:48 Fortified Wall
39:11 Ballistics
38:47 Murder Holes
39:03 Masonry
38:44 Heated Shot
38:35 Treadmill Crane
39:38 Stone Shaft Mining
39:06 Heavy Plow
39:20 Bow Saw
41:52 Chemistry
40:45 Guard Tower
43:11 Two-Man Saw
44:07 Bombard Tower
45:06 Architecture
50:46 Siege Engineers
53:46 Padded Archer Armor
53:38 Fletching
53:58 Forging
53:49 Scale Mail Armor
56:35 Leather Archer Armor
56:16 Bodkin Arrow
56:57 Iron Casting
56:37 Chain Mail Armor
56:29 Scale Barding Armor
60:49 Banking
61:52 Guilds
DaniSkywalker98
0:50 Loom
12:20 Feudal Age
13:38 Wheelbarrow
12:53 Double-Bit Axe
13:48 Horse Collar
21:03 Gold Mining
25:12 Castle Age
23:38 Stone Mining
24:45 Bloodlines
24:38 Padded Archer Armor
25:48 Fletching
26:50 Heavy Plow
27:06 Bow Saw
27:46 Leather Archer Armor
29:40 Stone Shaft Mining
31:00 Husbandry
32:07 Caravan
32:36 Hand Cart
37:30 Imperial Age
36:20 Fortified Wall
36:31 Ballistics
37:20 Thumb Ring
37:25 Bodkin Arrow
39:51 Elite Mangudai
40:55 Conscription
41:02 Heavy Scorpion
42:52 Drill
43:19 Bracer
43:48 Parthian Tactics
48:08 Chemistry
47:14 Siege Engineers
51:24 Gold Shaft Mining
53:13 Heavy Camel Rider
57:49 Scale Barding Armor
59:07 Chain Barding Armor
Asheqer
10:19 Feudal Age
12:17 Double-Bit Axe
14:15 Loom
18:31 Castle Age
17:26 Horse Collar
19:47 Husbandry
23:20 Heavy Plow
25:16 Gold Mining
26:20 Scale Barding Armor
26:26 Forging
27:36 Bloodlines
28:43 Chain Barding Armor
28:59 Iron Casting
36:40 Inquisition
40:45 Scale Mail Armor
45:48 Imperial Age
46:30 Cavalier
50:32 Conscription
51:12 Plate Barding Armor
51:38 Blast Furnace
51:12 Caravan
52:24 Blast Furnace
52:12 Capped Ram
52:30 Paladin
55:22 Elite Conquistador
56:04 Man-at-Arms
58:26 Long Swordsman
58:55 Arson
59:10 Squires
58:57 Gambesons
59:03 Two-Handed Swordsman
60:41 Wheelbarrow
61:46 Champion
63:25 Siege Ram
65:30 Light Cavalry
66:21 Hussar
67:34 Hand Cart
71:26 Chain Mail Armor
77:52 Supremacy
Connection lost

Rejoining the realm…

Still unreachable

The connection could not be restored.

Session expired

The server has moved on; the page needs a fresh start.